[Event "ICC tourney 2523 (60 10)"]
[Site "Internet Chess Club"]
[Date "2021.04.18"]
[Round "5"]
[White "Owusu-Boakye, Kwame:KwamzChess"]
[Black "ADUSUMALLI, ANIRUDH SAI:Anichess2009"]
[Result "0-1"]
[ICCResult "White resigns"]
[WhiteElo "713"]
[BlackElo "855"]
[Opening "Scotch game"]
[ECO "C45"]
[NIC "SO.04"]
[Time "13:16:51"]
[PlyCount "118"]
[TimeControl "3600+10"]

1. e4 e5 2. Nf3 Nc6 3. d4 exd4 4. Nxd4 Nxd4 5. Qxd4 Nf6 6. e5 Qe7 7. Be2
Ng8 8. O-O d6 9. Bb5+ c6 10. exd6 Qxd6 11. Qxd6 Bxd6 12. Bc4 Be6 13. Re1
Kd7 14. Bxe6+ fxe6 15. b3 Nf6 16. Bg5 Bb4 17. Rd1+ Kc7 18. c3 Be7 19. Re1
Kd6 20. Na3 Nd5 21. Bxe7+ Kxe7 22. c4 Nf6 23. Nc2 Rad8 24. Ne3 Kf7 25. Rad1
Rhe8 26. Rxd8 Rxd8 27. g4 Rd2 28. Ra1 Ne4 29. f3 Ng5 30. Ng2 Nxf3+ 31. Kh1
Kf6 32. Rf1 Kg5 33. h3 Ne5 34. Re1 Kf6 35. Nf4 Nf3 36. Re2 Rxe2 37. Nxe2 e5
38. Kg2 Ne1+ 39. Kf2 Nd3+ 40. Ke3 Nb4 41. a4 Nc2+ 42. Kd3 Ne1+ 43. Kd2 Nf3+
44. Ke3 Ng5 45. h4 Ne6 46. Ng3 Nd4 47. Ne4+ Kg6 48. h5+ Kh6 49. Nd2 Kg5 50.
Nf3+ Nxf3 51. Kxf3 e4+ 52. Kxe4 Kxg4 53. Kd4 Kxh5 54. Kc5 g5 55. Kd6 g4 56.
Kc7 g3 57. Kxb7 g2 58. Kxc6 g1=Q 59. b4 Qb6+ { White resigns } 0-1

[Event "ICC tourney 2523 (60 10)"]
[Site "Internet Chess Club"]
[Date "2021.04.18"]
[Round "5"]
[White "Han, Eleanor JA:EleanorH"]
[Black "Dela Luna-buder, Johann:JohannLuna"]
[Result "0-1"]
[ICCResult "White checkmated"]
[WhiteElo "824"]
[BlackElo "640"]
[Opening "Alekhine's defense: Scandinavian variation"]
[ECO "B02"]
[NIC "AL.10"]
[Time "13:19:40"]
[PlyCount "166"]
[TimeControl "3600+10"]

1. e4 Nf6 2. Nc3 d5 3. e5 Nfd7 4. d4 e6 5. Nf3 b6 6. Ne2 Bb7 7. Ng3 Nc6 8.
Bd3 Be7 9. Be3 O-O 10. O-O Re8 11. c3 Rc8 12. Qd2 Ra8 13. Ng5 h6 14. Nf3
Bf8 15. Qe2 a6 16. Nd2 f6 17. f4 f5 18. Nh5 Be7 19. Qf3 Bh4 20. Bf2 Bxf2+
21. Rxf2 g6 22. Ng3 Kg7 23. Ne2 Qe7 24. Qh3 Rh8 25. Rf3 Rag8 26. Kh1 Kf8
27. g4 Nd8 28. gxf5 exf5 29. Ng3 c5 30. Be2 Ne6 31. Bd3 Ng7 32. Rg1 a5 33.
Rf2 Bc6 34. Nf3 Ne6 35. Rfg2 Nxf4 36. Qh4 Qxh4 37. Nxh4 Nxg2 38. Rxg2 cxd4
39. cxd4 b5 40. Ne2 Kf7 41. Nf4 Nf8 42. Nf3 b4 43. Re2 a4 44. e6+ Ke7 45.
Rc2 Ba8 46. Rc7+ Kf6 47. e7 Ne6 48. Nxd5+ Bxd5 49. Be2 Nxd4 50. Ra7 Nxf3
51. Ra6+ Kg5 52. Rxa4 Nd4+ 53. Kg1 Nxe2+ 54. Kf1 Bc4 55. Rxb4 Ba6 56. h4+
Kh5 57. a4 Re8 58. Rb6 Bd3 59. a5 Rxe7 60. a6 Ra7 61. b4 Rxa6 62. Rb7 Nf4+
63. Kf2 Kxh4 64. b5 Ra5 65. b6 Rb5 66. Ke3 Kg5 67. Kd2 Rd8 68. Ke3 Rb3 69.
Kf2 Nd5 70. Kg2 Rxb6 71. Rxb6 Nxb6 72. Kg3 Ba6 73. Kg2 Rd3 74. Kf2 Kf4 75.
Ke2 Rh3+ 76. Kd2 Ke4 77. Kc2 Kd4 78. Kd2 Rh2+ 79. Kd1 Ke3 80. Kc1 Kd3 81.
Kb1 Kc3 82. Ka1 Kb3 83. Kb1 Rh1# { White checkmated } 0-1

[Event "ICC tourney 2523 (60 10)"]
[Site "Internet Chess Club"]
[Date "2021.04.18"]
[Round "5"]
[White "Romolo, Ryan M:Ryro2013"]
[Black "SONI, ROHAN KAUL:rohanksoni"]
[Result "0-1"]
[ICCResult "White checkmated"]
[WhiteElo "886"]
[BlackElo "374"]
[Opening "Scotch opening"]
[ECO "C44"]
[NIC "KP.10"]
[Time "13:21:45"]
[PlyCount "106"]
[TimeControl "3600+10"]

1. e4 e5 2. Nf3 Nc6 3. d4 Bd6 4. d5 Nce7 5. b3 Nf6 6. Bb2 Ng6 7. Nc3 O-O 8.
Be2 c6 9. dxc6 dxc6 10. Qd2 Bg4 11. O-O-O Bxf3 12. Bxf3 Ne8 13. Qd3 Nf4 14.
Qd2 Qe7 15. g3 Nh3 16. Bg4 Ng5 17. h4 Ne6 18. Rhf1 Nd4 19. f4 Nf6 20. fxe5
Bxe5 21. Na4 Nxg4 22. Rfe1 Nf3 23. Qg2 Nxe1 24. Rxe1 Bxb2+ 25. Nxb2 Qb4 26.
Qd2 Qxd2+ 27. Kxd2 Rad8+ 28. Kc1 Nh2 29. Rd1 Rxd1+ 30. Kxd1 Nf1 31. Kc1
Nxg3 32. Kb1 Nxe4 33. Nd3 Nd2+ 34. Kb2 f5 35. Nf4 c5 36. Kc3 Ne4+ 37. Kb2
Rd8 38. Kb1 Rd1+ 39. Kb2 Rf1 40. Nd3 f4 41. c3 f3 42. h5 f2 43. Nxf2 Rxf2+
44. Kb1 Nxc3+ 45. Ka1 g5 46. hxg6 hxg6 47. b4 cxb4 48. a4 Nxa4 49. Kb1 g5
50. Ka1 g4 51. Kb1 g3 52. Ka1 g2 53. Kb1 g1=Q# { White checkmated } 0-1

[Event "ICC tourney 2523 (60 10)"]
[Site "Internet Chess Club"]
[Date "2021.04.18"]
[Round "5"]
[White "SIMMONS, ZION:ZionSimmons"]
[Black "VADHER, DEVAJ MAYANK:DevajVadher"]
[Result "0-1"]
[ICCResult "White resigns"]
[WhiteElo "987"]
[BlackElo "992"]
[Opening "Caro-Kann defense"]
[ECO "B11"]
[NIC "CK.01"]
[Time "13:16:36"]
[PlyCount "72"]
[TimeControl "3600+10"]

1. e4 c6 2. Nc3 d5 3. exd5 cxd5 4. d4 e6 5. Nf3 Nc6 6. Bb5 Nf6 7. Ne5 Bd7
8. Bg5 Be7 9. O-O O-O 10. Nxd7 Qxd7 11. Qf3 h6 12. Bf4 a6 13. Bxc6 bxc6 14.
Qg3 Nh5 15. Qg4 Nxf4 16. Qxf4 c5 17. Rad1 cxd4 18. Rxd4 Rab8 19. b3 Bf6 20.
Rd3 Rbc8 21. Na4 Rxc2 22. Rg3 Bg5 23. Qg4 f5 24. Qb4 Qb5 25. Qe1 Rc1 26.
Qxe6+ Kh8 27. Rxc1 Bxc1 28. Qe7 Rg8 29. Nc3 Qc6 30. Ne2 Bg5 31. Qb4 Re8 32.
Rc3 Qf6 33. Ng3 Bd2 34. Qa4 Re1+ 35. Nf1 Bxc3 36. Qxa6 Qxa6 { White resigns
} 0-1

[Event "ICC tourney 2523 (60 10)"]
[Site "Internet Chess Club"]
[Date "2021.04.18"]
[Round "5"]
[White "LU, ARIANNA:ChessPandaLu"]
[Black "Lee, Shan:Shanlee"]
[Result "0-1"]
[ICCResult "White checkmated"]
[WhiteElo "439"]
[BlackElo "815"]
[Opening "King's pawn game"]
[ECO "C50"]
[NIC "IG.03"]
[Time "13:16:41"]
[PlyCount "60"]
[TimeControl "3600+10"]

1. e4 e5 2. Nf3 Nc6 3. Bc4 Nd4 4. Nxd4 exd4 5. c3 Nf6 6. d3 Bc5 7. b4 Bb6
8. Bb2 O-O 9. Nd2 dxc3 10. Bxc3 d5 11. Bb3 Ng4 12. d4 dxe4 13. Nxe4 Re8 14.
Bc2 Bf5 15. Qb1 Bxe4 16. Bxe4 f5 17. O-O fxe4 18. Qd1 Nf6 19. Re1 Nd5 20.
Bb2 Nxb4 21. Qb3+ Nd5 22. Rad1 Re6 23. g3 Qg5 24. Kh1 c6 25. Bc1 Qf5 26.
Rf1 Rf8 27. Qb2 Rg6 28. Rde1 h5 29. Re2 h4 30. gxh4 Qf3# { White checkmated
} 0-1

[Event "ICC tourney 2523 (60 10)"]
[Site "Internet Chess Club"]
[Date "2021.04.18"]
[Round "5"]
[White "RODRIGUEZ, ANTHONY LORENZO:PlanetAntMan"]
[Black "Marshalleck, David T:LionsDavidM"]
[Result "1-0"]
[ICCResult "Black checkmated"]
[WhiteElo "579"]
[BlackElo "833"]
[Opening "Two knights defense"]
[ECO "C58"]
[NIC "KP.01"]
[Time "13:23:08"]
[PlyCount "93"]
[TimeControl "3600+10"]

1. e4 e5 2. Nf3 Nc6 3. Bc4 Nf6 4. Ng5 d5 5. exd5 Na5 6. Bb5+ c6 7. dxc6
bxc6 8. Ba4 h6 9. Nf3 Bd6 10. Nc3 Be6 11. O-O O-O 12. d3 Bg4 13. h3 Bh5 14.
a3 c5 15. Nb5 a6 16. Nxd6 Qxd6 17. Bd2 Nc6 18. Bxc6 Qxc6 19. b4 c4 20. dxc4
Qxc4 21. Qc1 g5 22. Nxe5 Qd5 23. Bc3 Rac8 24. Bb2 Be2 25. Re1 Bb5 26. Rd1
Qe4 27. f3 Qb7 28. Nd3 Qb6+ 29. Kh1 Nd5 30. a4 Bc4 31. a5 Qc7 32. Be5 Qd7
33. Nc5 Qe7 34. Qb2 f6 35. Bc3 Qe2 36. Re1 Qf2 37. Ne4 Qa7 38. Bd4 Qc7 39.
Bc5 Rf7 40. Nd6 Nf4 41. Nxf7 Bxf7 42. Re7 Qd8 43. Qxf6 Qf8 44. Ra7 Nd5 45.
Bxf8 Rxf8 46. Qxh6 Be8 47. Qh7# { Black checkmated } 1-0

[Event "ICC tourney 2523 (60 10)"]
[Site "Internet Chess Club"]
[Date "2021.04.18"]
[Round "5"]
[White "KLIPER, ALMA:AKliper"]
[Black "VADIVELU, SAM G:SGVChess"]
[Result "1-0"]
[ICCResult "Black checkmated"]
[WhiteElo "662"]
[BlackElo "821"]
[Opening "Four knights: Italian variation"]
[ECO "C47"]
[NIC "KP.06"]
[Time "13:16:47"]
[PlyCount "157"]
[TimeControl "3600+10"]

1. e4 e5 2. Nf3 Nc6 3. Nc3 Nf6 4. Bc4 h6 5. d3 Bc5 6. Be3 Nd4 7. Nxe5 O-O
8. Bxf7+ Rxf7 9. Nxf7 Kxf7 10. O-O d6 11. Nd5 Nxd5 12. exd5 Qh4 13. c3 Nf5
14. g3 Qh3 15. a4 Bxe3 16. fxe3 Kg8 17. Rf3 Qg4 18. e4 Nh4 19. Rf4 Qxd1+
20. Rxd1 Ng6 21. Rf2 Ne5 22. h4 Ng4 23. Rf4 Ne3 24. Re1 Ng4 25. d4 Bd7 26.
e5 dxe5 27. dxe5 Re8 28. e6 Nf6 29. g4 Nxd5 30. Rfe4 Bc6 31. g5 hxg5 32.
hxg5 Ne7 33. Rh4 Nf5 34. Rh3 Bd7 35. Kf2 Bxe6 36. g6 c5 37. Reh1 Nh6 38.
Rh5 Rf8+ 39. Ke1 Re8 40. Kd2 Rd8+ 41. Kc1 Bb3 42. Rxc5 Ng4 43. Re1 Ne3 44.
a5 Ng2 45. Rh1 Nh4 46. Rb5 Ba4 47. Rb4 Bc6 48. Rf1 Nxg6 49. Rb3 Ba4 50. Ra3
Bd7 51. a6 Bb5 52. Rd1 Re8 53. axb7 Be2 54. Re1 Nf4 55. Kc2 Bd3+ 56. Kd2
Rd8 57. Rxa7 Bf5+ 58. Ke3 Nd5+ 59. Kf2 Rf8 60. Ra8 Bc8+ 61. Kg1 Bxb7 62.
Rxf8+ Kxf8 63. Rf1+ Nf6 64. c4 Kg8 65. b4 Ne4 66. c5 Nc3 67. Re1 Kf7 68.
Re3 Nd5 69. Rf3+ Kg8 70. Rb3 g5 71. b5 Nc7 72. c6 Bc8 73. b6 Na6 74. b7 Nc5
75. bxc8=Q+ Kg7 76. Rg3 Kg6 77. Qg8+ Kh6 78. Qxg5+ Kh7 79. Rh3# { Black
checkmated } 1-0

[Event "ICC tourney 2523 (60 10)"]
[Site "Internet Chess Club"]
[Date "2021.04.18"]
[Round "5"]
[White "LANKIPALLE, RUTHVIKARAO:ruthvikal"]
[Black "LINGAMANENI, SRIKAR:srikarl99"]
[Result "1-0"]
[ICCResult "Black checkmated"]
[WhiteElo "567"]
[BlackElo "744"]
[Opening "Giuoco Piano"]
[ECO "C54"]
[NIC "IG.02"]
[Time "13:16:48"]
[PlyCount "83"]
[TimeControl "3600+10"]

1. e4 e5 2. Nf3 Nc6 3. Bc4 Bc5 4. c3 Nf6 5. d3 O-O 6. O-O a6 7. a4 d6 8. b4
Ba7 9. b5 axb5 10. Bxb5 Bg4 11. Bxc6 bxc6 12. Nbd2 Rb8 13. h3 Bh5 14. Ba3
Bc5 15. Bxc5 dxc5 16. Nc4 Re8 17. g4 Bg6 18. Nfxe5 Re6 19. f4 Qe8 20. Qe2
Nd7 21. Nxd7 Qxd7 22. f5 Bxf5 23. gxf5 Rh6 24. Rad1 Rxh3 25. Qg2 Rxd3 26.
Ne5 Qe8 27. Nxd3 Qe7 28. f6 Qf8 29. fxg7 Qxg7 30. Qxg7+ Kxg7 31. Nxc5 Re8
32. Rd7 Rc8 33. Ne6+ Kg8 34. Rdxf7 h6 35. Rf8+ Rxf8 36. Rxf8+ Kh7 37. a5
Kg6 38. a6 h5 39. a7 h4 40. a8=Q h3 41. Qe8+ Kh6 42. Rh8# { Black
checkmated } 1-0

[Event "ICC tourney 2523 (60 10)"]
[Site "Internet Chess Club"]
[Date "2021.04.18"]
[Round "6"]
[White "Vesval, Emma:Latecutehat"]
[Black "LIAO, ABBY:Abbyliao0216"]
[Result "1-0"]
[ICCResult "Black checkmated"]
[WhiteElo "463"]
[BlackElo "740"]
[Opening "Scotch: Mieses variation"]
[ECO "C45"]
[NIC "SO.04"]
[Time "16:33:36"]
[PlyCount "31"]
[TimeControl "3600+10"]

1. e4 e5 2. Nf3 Nc6 3. d4 exd4 4. Nxd4 Nf6 5. Nxc6 bxc6 6. e5 Ne4 7. Bd3 d5
8. exd6 Nxd6 9. Nc3 Be7 10. O-O O-O 11. Be3 h6 12. Qf3 Bg5 13. Bxg5 Qxg5
14. Ne4 Nxe4 15. Qxe4 Bh3 16. Qh7# { Black checkmated } 1-0

[Event "ICC tourney 2523 (60 10)"]
[Site "Internet Chess Club"]
[Date "2021.04.18"]
[Round "6"]
[White "KARSTEN, ROWAN BRACK:RowanTheAwesome"]
[Black "RODRIGUEZ, ANTHONY LORENZO:PlanetAntMan"]
[Result "1-0"]
[ICCResult "Black checkmated"]
[WhiteElo "786"]
[BlackElo "579"]
[Opening "Evans gambit declined"]
[ECO "C51"]
[NIC "IG.05"]
[Time "16:34:13"]
[PlyCount "35"]
[TimeControl "3600+10"]

1. e4 e5 2. Nf3 Nc6 3. Bc4 Bc5 4. b4 Nxb4 5. Nxe5 Nc6 6. Nxf7 Qh4 7. O-O
Bd6 8. g3 Qxe4 9. Re1 Nf6 10. Rxe4+ Nxe4 11. Nxh8 Ng5 12. Qh5+ Kd8 13.
Qxg5+ Be7 14. Nf7+ Ke8 15. Qxg7 Bf8 16. Qxh7 d6 17. Qg6 Kd7 18. Qe6# {
Black checkmated } 1-0

[Event "ICC tourney 2523 (60 10)"]
[Site "Internet Chess Club"]
[Date "2021.04.18"]
[Round "6"]
[White "SARR, MALICK:SABX4GOAT"]
[Black "AL-SATI, HADI A:chsshd"]
[Result "0-1"]
[ICCResult "White checkmated"]
[WhiteElo "681"]
[BlackElo "678"]
[Opening "Scandinavian (center counter) defense"]
[ECO "B01"]
[NIC "SD.02"]
[Time "16:33:57"]
[PlyCount "48"]
[TimeControl "3600+10"]

1. e4 d5 2. exd5 Qxd5 3. Nc3 Qd8 4. Nf3 Nc6 5. Bb5 Bd7 6. O-O Nf6 7. d3 a5
8. Bg5 e6 9. Re1 Bc5 10. Ne5 Nxe5 11. Bxd7+ Qxd7 12. Rxe5 Qd6 13. Re1 O-O
14. Bxf6 gxf6 15. Qg4+ Kh8 16. Re4 f5 17. Qf3 fxe4 18. Nxe4 Qb6 19. Qf6+
Kg8 20. c3 Qc6 21. Qg5+ Kh8 22. Nxc5 Rg8 23. Qf6+ Rg7 24. Re1 Qxg2# { White
checkmated } 0-1

[Event "ICC tourney 2523 (60 10)"]
[Site "Internet Chess Club"]
[Date "2021.04.18"]
[Round "6"]
[White "ADUSUMALLI, ANIRUDH SAI:Anichess2009"]
[Black "LANKIPALLE, RUTHVIKARAO:ruthvikal"]
[Result "0-1"]
[ICCResult "White resigns"]
[WhiteElo "855"]
[BlackElo "567"]
[Opening "Giuoco Pianissimo"]
[ECO "C50"]
[NIC "IG.02"]
[Time "16:33:41"]
[PlyCount "26"]
[TimeControl "3600+10"]

1. e4 e5 2. Nf3 Nc6 3. Bc4 Bc5 4. d3 Nf6 5. O-O O-O 6. Nc3 d6 7. h3 h6 8.
Be3 Bxe3 9. fxe3 a6 10. Nh4 b5 11. Bb3 Bb7 12. Nd5 Nxd5 13. Bxd5 Qxh4 {
White resigns } 0-1

[Event "ICC tourney 2523 (60 10)"]
[Site "Internet Chess Club"]
[Date "2021.04.18"]
[Round "6"]
[White "SHAH, NIKHIL:NShah08"]
[Black "MISCHLER, ELISE:SABHEMischler"]
[Result "1-0"]
[ICCResult "Black checkmated"]
[WhiteElo "890"]
[BlackElo "614"]
[Opening "Ruy Lopez: exchange, Keres variation"]
[ECO "C68"]
[NIC "RL.08"]
[Time "16:33:36"]
[PlyCount "91"]
[TimeControl "3600+10"]

1. e4 e5 2. Nf3 Nc6 3. Bb5 a6 4. Bxc6 dxc6 5. Nc3 Bd6 6. d4 exd4 7. Qxd4
Nf6 8. e5 Bxe5 9. Qxd8+ Kxd8 10. Nxe5 Ke7 11. O-O Re8 12. Re1 Kf8 13. Bf4
Bf5 14. Nd3 Bxd3 15. Rxe8+ Rxe8 16. cxd3 Rc8 17. Re1 h6 18. Ne4 Nxe4 19.
Rxe4 c5 20. Rc4 b6 21. b4 Re8 22. f3 Re2 23. a3 c6 24. bxc5 bxc5 25. Rxc5
Re6 26. Ra5 Re1+ 27. Kf2 Rd1 28. Rxa6 Rxd3 29. Rxc6 Rxa3 30. Bd6+ Kg8 31.
Bxa3 Kh7 32. Rc7 f5 33. Bb2 Kg8 34. Rxg7+ Kf8 35. Ke3 Ke8 36. Kd4 Kd8 37.
Kd5 Ke8 38. Ke6 Kd8 39. Kd6 Ke8 40. Rh7 Kf8 41. Ke6 Kg8 42. Rg7+ Kf8 43.
Re7 Kg8 44. Kf6 Kh8 45. Kg6+ Kg8 46. Re8# { Black checkmated } 1-0

[Event "ICC tourney 2523 (60 10)"]
[Site "Internet Chess Club"]
[Date "2021.04.18"]
[Round "6"]
[White "SONI, ROHAN KAUL:rohanksoni"]
[Black "Skanda, Saurav:sauravs"]
[Result "0-1"]
[ICCResult "White resigns"]
[WhiteElo "374"]
[BlackElo "781"]
[Opening "Sicilian: dragon variation"]
[ECO "B70"]
[NIC "SI.15"]
[Time "16:33:50"]
[PlyCount "56"]
[TimeControl "3600+10"]

1. e4 c5 2. Nf3 d6 3. d4 cxd4 4. Nxd4 Nf6 5. Nc3 g6 6. Nf3 Bg7 7. Bb5+ Nbd7
8. e5 dxe5 9. Bxd7+ Qxd7 10. Nxe5 Qxd1+ 11. Kxd1 Bf5 12. Nb5 Rd8+ 13. Ke1
a6 14. Na3 O-O 15. Nac4 Bxc2 16. Be3 Bf5 17. Bb6 Rc8 18. Na5 Nd5 19. Bd4
Bxe5 20. Bxe5 Nb4 21. Kd1 Rcd8+ 22. Kc1 Nd3+ 23. Kd2 Nxe5+ 24. Ke3 Rd7 25.
Kf4 Nd3+ 26. Ke3 Ne5 27. Rhd1 Rxd1 28. Rb1 Rxb1 { White resigns } 0-1

[Event "ICC tourney 2523 (60 10)"]
[Site "Internet Chess Club"]
[Date "2021.04.18"]
[Round "6"]
[White "Miner, Julian:julianminer"]
[Black "CARDOSO, KARELY:RYCSKarely2010"]
[Result "0-1"]
[ICCResult "White checkmated"]
[WhiteElo "236"]
[BlackElo "690"]
[Opening "Old Benoni defense"]
[ECO "A43"]
[NIC "OI.09"]
[Time "16:33:47"]
[PlyCount "58"]
[TimeControl "3600+10"]

1. d4 c5 2. dxc5 Nc6 3. Nf3 g6 4. Nc3 Bg7 5. Nd5 e6 6. Nf4 Nf6 7. e4 Nxe4
8. Be3 O-O 9. Bb5 a6 10. Bxc6 bxc6 11. O-O d5 12. Re1 e5 13. Re2 exf4 14.
Bxf4 Nxc5 15. Rd2 Re8 16. b4 Ne4 17. Rc1 Nxd2 18. Qxd2 Bg4 19. Ng5 h6 20.
Rd1 Bxd1 21. Qxd1 hxg5 22. Bxg5 Qxg5 23. f4 Qxf4 24. g3 Bd4+ 25. Kg2 Qf2+
26. Kh3 Kg7 27. Qd3 Rh8+ 28. Kg4 f5+ 29. Kg5 Rh5# { White checkmated } 0-1

[Event "ICC tourney 2523 (60 10)"]
[Site "Internet Chess Club"]
[Date "2021.04.18"]
[Round "6"]
[White "EPPEL, NATHAN:NathanE42"]
[Black "CHEN, LUKE:lukeychen"]
[Result "1-0"]
[ICCResult "Black checkmated"]
[WhiteElo "961"]
[BlackElo "340"]
[Opening "Scotch opening"]
[ECO "C44"]
[NIC "KP.10"]
[Time "16:33:37"]
[PlyCount "89"]
[TimeControl "3600+10"]

1. e4 e5 2. Nf3 Nc6 3. d4 d6 4. d5 Bg4 5. dxc6 bxc6 6. Nc3 Nf6 7. Bd3 Be7
8. h3 Bxf3 9. Qxf3 O-O 10. O-O Qd7 11. Qg3 Nh5 12. Qf3 Nf6 13. Bg5 Rae8 14.
Bxf6 Bxf6 15. Be2 d5 16. exd5 cxd5 17. Nxd5 c6 18. Nxf6+ gxf6 19. Qg3+ Kh8
20. Rad1 Qf5 21. Bd3 Qh5 22. Be4 Rg8 23. Qf3 Qxf3 24. Bxf3 Rg7 25. Bxc6
Reg8 26. g3 f5 27. Kh1 f6 28. Bd5 Rd8 29. Be6 Rxd1 30. Rxd1 h6 31. Rd8+ Rg8
32. Rxg8+ Kh7 33. Rf8 Kg6 34. Rg8+ Kh7 35. Ra8 Kg6 36. Rxa7 f4 37. gxf4
exf4 38. c4 f3 39. c5 Kg5 40. c6 Kf4 41. c7 Ke5 42. c8=Q Ke4 43. Qc4+ Ke5
44. Qd5+ Kf4 45. Qf5# { Black checkmated } 1-0

[Event "ICC tourney 2523 (60 10)"]
[Site "Internet Chess Club"]
[Date "2021.04.18"]
[Round "6"]
[White "BEAR, ASHWIN:ashwinb2012"]
[Black "MARCAL, DAVID:BirchDavidM"]
[Result "1-0"]
[ICCResult "Black checkmated"]
[WhiteElo "912"]
[BlackElo "757"]
[Opening "French: advance, Nimzovich system"]
[ECO "C02"]
[NIC "FR.03"]
[Time "16:33:50"]
[PlyCount "89"]
[TimeControl "3600+10"]

1. e4 e6 2. d4 d5 3. e5 c5 4. Nf3 Nc6 5. Bb5 cxd4 6. Nxd4 Bd7 7. O-O Nxd4
8. Bxd7+ Qxd7 9. Qxd4 b6 10. Nc3 Bc5 11. Qg4 f6 12. exf6 Nxf6 13. Qd1 O-O
14. Bg5 Bd6 15. Bxf6 Rxf6 16. Qd3 Qe7 17. h3 e5 18. Nb5 e4 19. Qxd5+ Kf8
20. Qxa8+ Kf7 21. Nxd6+ Qxd6 22. Qxa7+ Kg6 23. Rad1 Qe6 24. Rd7 Rf7 25.
Rxf7 Qxf7 26. Qxf7+ Kxf7 27. Re1 Kf6 28. Rxe4 g5 29. Rb4 h5 30. Rxb6+ Kf5
31. c4 Kf4 32. c5 Ke5 33. c6 Kd6 34. a4 Kc7 35. Rb5 Kxc6 36. Rxg5 Kb6 37.
f4 Kc6 38. f5 Kd6 39. a5 Kc6 40. f6 Kd6 41. a6 Kc6 42. f7 Kb6 43. f8=Q Kxa6
44. Qb4 h4 45. Ra5# { Black checkmated } 1-0

[Event "ICC tourney 2523 (60 10)"]
[Site "Internet Chess Club"]
[Date "2021.04.18"]
[Round "6"]
[White "FLORES, MILES GREGORIO  DOWSHEN :MilesFlores"]
[Black "LUNA, LIAM:liamluna"]
[Result "1-0"]
[ICCResult "Black checkmated"]
[WhiteElo "660"]
[BlackElo "989"]
[Opening "Sicilian defense"]
[ECO "B30"]
[NIC "SI.31"]
[Time "16:33:36"]
[PlyCount "121"]
[TimeControl "3600+10"]

1. e4 c5 2. Nf3 Nc6 3. c4 g6 4. Nc3 Bg7 5. g3 d6 6. Bg2 Nf6 7. O-O Bg4 8.
d3 Nd4 9. Bg5 O-O 10. h3 Bxf3 11. Bxf3 Nxf3+ 12. Qxf3 Qd7 13. Bxf6 Bxf6 14.
Kg2 a6 15. Rab1 b5 16. cxb5 axb5 17. Nd5 Qd8 18. Nxf6+ exf6 19. a3 Qe7 20.
Rfc1 Rfd8 21. b4 cxb4 22. axb4 Rac8 23. Rxc8 Rxc8 24. Qe3 Rd8 25. Qb6 d5
26. Qxb5 dxe4 27. dxe4 Qxe4+ 28. Kh2 Qxb1 29. Qc6 Qxb4 30. Qxf6 Qd2 31. h4
Qxf2+ 32. Qxf2 f5 33. Qa2+ Kg7 34. Qc2 Rf8 35. Qc3+ Kh6 36. Qe3+ Kg7 37.
Qe7+ Kg8 38. Qg5 Kg7 39. Kg2 h6 40. Qe3 Kf6 41. Qxh6 Rf7 42. Kf3 Re7 43. h5
Rg7 44. Qh8 gxh5 45. Qxh5 Rg5 46. Qe8 Rg7 47. Qc6+ Kg5 48. Qc1+ Kh5 49. Kf4
Kh6 50. Qc5 Kh5 51. Qxf5+ Kh6 52. g4 Rg6 53. g5+ Kg7 54. Kg4 Kh7 55. Kh5
Kg7 56. Qxg6+ Kh8 57. Qd6 Kg7 58. Qe6 Kf8 59. Qd7 Kg8 60. Kg6 Kh8 61. Qd8#
{ Black checkmated } 1-0

[Event "ICC tourney 2523 (60 10)"]
[Site "Internet Chess Club"]
[Date "2021.04.18"]
[Round "6"]
[White "MAK, OLIVER CHAN:Oliver1004"]
[Black "LI, JIAMING:MingMing59"]
[Result "0-1"]
[ICCResult "White checkmated"]
[WhiteElo "736"]
[BlackElo "520"]
[Opening "Two knights defense (Modern bishop's opening)"]
[ECO "C55"]
[NIC "IG.01"]
[Time "16:34:14"]
[PlyCount "98"]
[TimeControl "3600+10"]

1. e4 e5 2. Nf3 Nc6 3. Bc4 Nf6 4. d3 h6 5. Be3 Bb4+ 6. c3 Ba5 7. b4 Bb6 8.
d4 exd4 9. cxd4 Nxe4 10. Nbd2 Nf6 11. Qb3 Qe7 12. O-O d6 13. Rfe1 Bg4 14.
Bxh6 Rxh6 15. Rxe7+ Kxe7 16. h3 Bf5 17. Re1+ Kd7 18. Bxf7 Nxd4 19. Nxd4
Bxd4 20. Be6+ Bxe6 21. Qxe6+ Kc6 22. Qc4+ Kd7 23. Qb5+ c6 24. Qf5+ Kc7 25.
Qa5+ Bb6 26. Qf5 Nd7 27. Re7 Rd8 28. Ne4 c5 29. b5 c4 30. Nxd6 Rxd6 31.
Rxg7 a6 32. bxa6 bxa6 33. h4 Bd4 34. h5 Bxg7 35. Qc5+ Nxc5 36. g4 Rd1+ 37.
Kg2 c3 38. g5 c2 39. h6 Bxh6 40. gxh6 Rh8 41. f4 c1=Q 42. f5 Qg5+ 43. Kf2
Qg1+ 44. Kf3 Qf1+ 45. Kg4 Qf2 46. Kg5 Rg1+ 47. Kf6 Rf8+ 48. Ke7 Rxf5 49. h7
Qe2# { White checkmated } 0-1

[Event "ICC tourney 2523 (60 10)"]
[Site "Internet Chess Club"]
[Date "2021.04.18"]
[Round "6"]
[White "LEWIS, TROY:saphtroyl"]
[Black "KHALIZOV, RASSUL:rassulk"]
[Result "0-1"]
[ICCResult "White checkmated"]
[WhiteElo "794"]
[BlackElo "829"]
[Opening "Old Benoni defense"]
[ECO "A43"]
[NIC "OI.09"]
[Time "16:33:54"]
[PlyCount "42"]
[TimeControl "3600+10"]

1. d4 c5 2. dxc5 e6 3. Nf3 Nc6 4. Nc3 Bxc5 5. e3 Nge7 6. Bb5 a6 7. Bxc6
Nxc6 8. b3 Qc7 9. Bb2 b6 10. O-O Bb7 11. Na4 Bd6 12. Bxg7 Rg8 13. Bb2 Ne7
14. g3 Ng6 15. Nc3 Ne5 16. Nxe5 Bxe5 17. f4 Bd6 18. Ne4 Bxe4 19. Kf2 Bb7
20. Qh5 Qxc2+ 21. Kg1 Qg2# { White checkmated } 0-1

[Event "ICC tourney 2523 (60 10)"]
[Site "Internet Chess Club"]
[Date "2021.04.18"]
[Round "6"]
[White "yim, zachery Austin:KingZacAttack"]
[Black "MUKHERJI, RAI:RaiChess"]
[Result "0-1"]
[ICCResult "White checkmated"]
[WhiteElo "777"]
[BlackElo "964"]
[Opening "Queen's pawn: Chigorin variation"]
[ECO "D00"]
[NIC "QP.08"]
[Time "16:33:59"]
[PlyCount "78"]
[TimeControl "3600+10"]

1. d4 d5 2. Nc3 Nf6 3. Bf4 c5 4. e3 e6 5. Nb5 Qa5+ 6. c3 Na6 7. Nf3 Bd7 8.
a4 Be7 9. Bd3 O-O 10. O-O c4 11. Bc2 Bxb5 12. axb5 Qxb5 13. Nd2 Qxb2 14.
Qf3 Qxc2 15. Nb1 Qe4 16. Qe2 Qd3 17. Qb2 Nb8 18. f3 Qg6 19. Qxb7 Nbd7 20.
Be5 Nxe5 21. dxe5 Rab8 22. Qxe7 Nh5 23. Qxa7 Rb2 24. Ra2 Rxb1 25. Rxb1
Qxb1+ 26. Kf2 g6 27. g4 Ng7 28. Ra1 Qc2+ 29. Kg3 Qxc3 30. Ra3 Qxe5+ 31. f4
Qb8 32. Qd4 Qb1 33. Ra1 Qd3 34. Qc5 h5 35. g5 Nf5+ 36. Kf2 Qd2+ 37. Kf3
Nh4+ 38. Kg3 Qg2+ 39. Kxh4 Qg4# { White checkmated } 0-1

[Event "ICC tourney 2523 (60 10)"]
[Site "Internet Chess Club"]
[Date "2021.04.18"]
[Round "6"]
[White " TAM, EPHRAIM:EphraimT204"]
[Black "GALPERIN, BENJAMIN:BG1015"]
[Result "1-0"]
[ICCResult "Black checkmated"]
[WhiteElo "836"]
[BlackElo "748"]
[Opening "Réti: King's Indian attack (Barcza system)"]
[ECO "A07"]
[NIC "QP.09"]
[Time "16:33:36"]
[PlyCount "93"]
[TimeControl "3600+10"]

1. Nf3 d5 2. g3 e6 3. Bg2 f5 4. O-O Bd6 5. Re1 Nf6 6. d3 O-O 7. Bg5 Nbd7 8.
Nc3 h6 9. Be3 e5 10. d4 e4 11. Nd2 c5 12. dxc5 Nxc5 13. Nb5 Be7 14. Bxc5
Bxc5 15. Nb3 b6 16. Nxc5 bxc5 17. Nc3 Ba6 18. e3 d4 19. exd4 Qxd4 20. Qxd4
cxd4 21. Ne2 Rfc8 22. Nxd4 Rc4 23. c3 Rc7 24. Rad1 Rc5 25. Ne6 Bc4 26. Nxc5
Bxa2 27. Nb7 Rb8 28. Rd8+ Rxd8 29. Nxd8 Kf8 30. Rd1 Ke7 31. Nc6+ Kf7 32.
Nxa7 Kg6 33. Ra1 Bc4 34. Ra4 Bb3 35. Ra6 Bc4 36. Rc6 Bd5 37. Rd6 Bc4 38.
Nc8 Bb3 39. Ne7+ Kg5 40. h4+ Kg4 41. Rd4 f4 42. gxf4 Kxf4 43. Ng6+ Kf5 44.
Ne7+ Kf4 45. Kh2 Ng4+ 46. Kg1 g5 47. Rxe4# { Black checkmated } 1-0